[Event "*** Titled Tuesday Blitz"]
[Site "Chess.com"]
[Date "2020.05.12"]
[Round "5"]
[White "Yuri202062"]
[Black "Nastya_Rakhmangulova"]
[Result "1-0"]
[WhiteElo "2483"]
[BlackElo "2287"]
[TimeControl "180+1"]
[EndTime "10:54:36 PDT"]
[Termination "Yuri202062 won by resignation"]

1. d4 d5 2. c4 c6 3. Nc3 Nf6 4. e3 a6 5. Bd3 b5 6. b3 Bg4 7.
Nge2 e6 8. Qc2 Nbd7 9. Ng3 Bd6 10.
h3 Bxg3 11. hxg4 Bd6 12. g5 bxc4 13. bxc4 dxc4 14. Bxc4 Nd5 15. e4 Nxc3 16. Qxc3 Qb6 17. O-O Qb4 18. Qxb4 Bxb4 19. Rb1 Bc3 20. Be3 O-O 21.
Rfc1 Ba5 22. Rb7 Rfd8 23. Be2 Nb8 24. Rc5 Bd2 25. Bxd2 Rxd4 26. Be3 Ra4 27. Rc2 Rxe4 28. Rd2 h6 29. Rd8+ Kh7 30. Bd3 1-0

[Event "*** Titled Tuesday Blitz"]
[Site "Chess.com"]
[Date "2020.05.12"]
[Round "5"]
[White "AquivaRubinstein"]
[Black "stanyga"]
[Result "0-1"]
[WhiteElo "2419"]
[BlackElo "2646"]
[TimeControl "180+1"]
[EndTime "10:54:37 PDT"]
[Termination "stanyga won by resignation"]

1. e4 c5 2. Nf3 e6 3. d4 cxd4 4.
Nxd4 Nc6 5. Nc3 Qc7 6. Be3 a6 7.
Qd2 Nf6 8. O-O-O Be7 9. f3 O-O 10. g4 b5 11. g5 Nh5 12. Nce2 Rd8 13. Ng3 Nxd4 14. Qxd4 Nf4 15. h4 Bb7 16. Kb1 e5 17.
Qd2 d5 18. exd5 Bxd5 19. Bd3 Nxd3 20. cxd3 Bxf3 21. Rdf1 Bxh1 22. Rxh1 Qd7 23. Rd1 Qg4 24. Rg1 Rd7 25. Qf2 Rxd3 26. Nf5 Rd1+ 27. Rxd1 Qxd1+ 28. Bc1 Bf8 0-1

[Event "*** Titled Tuesday Blitz"]
[Site "Chess.com"]
[Date "2020.05.12"]
[Round "5"]
[White "SophieNikoladze"]
[Black "Quattroporte300"]
[Result "0-1"]
[WhiteElo "2133"]
[BlackElo "2332"]
[TimeControl "180+1"]
[EndTime "10:54:37 PDT"]
[Termination "Quattroporte300 won by checkmate"]

1. d4 Nf6 2. Nf3 e6 3. e3 d5 4. Bd3 c5 5. b3 Nc6 6. Bb2 cxd4 7. exd4 Bd6 8. Ne5 Nd7 9. f4 Qb6 10. c3 g6 11. h4 Nf6 12. g4 Ne4 13. Nd2 f5 14. gxf5 exf5 15. Ndf3 Be6 16. Qc2 O-O-O 17. O-O-O Kb8 18. h5 Rc8 19. hxg6 Nb4 20. Qe2 Nxa2+ 21. Kc2 Naxc3 22. Nc4 dxc4 23. bxc4 Qb4 24. Bxe4 fxe4 25.
Bxc3 Qa4+ 26. Kd2 Bxc4 27. Qxe4 Qa2+ 28. Ke1 Rce8 29. Ne5 Bxe5 30. dxe5 hxg6 31. Rxh8 Rxh8 32. e6 Rh1+ 33. Qxh1 Qe2# 0-1

[Event "*** Titled Tuesday Blitz"]
[Site "Chess.com"]
[Date "2020.05.12"]
[Round "5"]
[White "Generalas"]
[Black "the_drake"]
[Result "1-0"]
[WhiteElo "2383"]
[BlackElo "2204"]
[TimeControl "180+1"]
[EndTime "10:54:38 PDT"]
[Termination "Generalas won by resignation"]

1. Nf3 d5 2. g3 Nf6 3. Bg2 c6 4. b3 Bf5 5. Bb2 Qc8 6. O-O Bh3 7. c4 Bxg2 8. Kxg2 h5 9. cxd5 cxd5 10. h4 Nc6 11. d3 Ng4 12. Nc3 e6 13. Rc1 a6 14.
Na4 Qd8 15. e4 Rc8 16. exd5 exd5 17. Re1+ Be7 18. Qe2 O-O 19. Rxc6 Rxc6 20. Qxe7 Qb8 21.
Nd4 Rg6 22. Nf5 Kh7 23. Re2 Rc8 24. Qxf7 Rc7 25. Qe8 Qa7 26. Ne7 Rcc6 27. Qg8+ 1-0

[Event "*** Titled Tuesday Blitz"]
[Site "Chess.com"]
[Date "2020.05.12"]
[Round "5"]
[White "Gajuchess"]
[Black "Andro2"]
[Result "1-0"]
[WhiteElo "2694"]
[BlackElo "2427"]
[TimeControl "180+1"]
[EndTime "10:54:39 PDT"]
[Termination "Gajuchess won on time"]

1. d4 a6 2. e4 e6 3. Bd3 d5 4. Nc3 c5 5. exd5 cxd4 6. Nce2 Qxd5 7. Nf3 Nf6 8. Nexd4 Bc5 9. O-O O-O 10. Re1 Nc6 11. c4 Qd6 12. Nxc6 Qxc6 13. Ne5 Qb6 14. Qe2 h6 15. b4 Qxb4 16. Rb1 Qa5 17. Rb3 Rb8 18. Bd2 Qxa2 19. Reb1 Rd8 20. R3b2 Qa4 21. Qf3 Bd4 22. Nc6 Bxb2 23. Nxd8 Bd4 24. Nc6 bxc6 25. Rxb8 Qa1+ 26. Rb1 Qa4 27. Rb8 Qa1+ 28. Bf1 Kh7 29. Rxc8 e5 30. Rxc6 e4 31. Qf5+ g6 32. Qf4 Kg7 33.
Qxh6+ 1-0

[Event "*** Titled Tuesday Blitz"]
[Site "Chess.com"]
[Date "2020.05.12"]
[Round "5"]
[White "Slovak_fighter2000"]
[Black "Nagimov_Artiom"]
[Result "1/2-1/2"]
[WhiteElo "2539"]
[BlackElo "2400"]
[TimeControl "180+1"]
[EndTime "10:54:39 PDT"]
[Termination "Game drawn by repetition"]

1. d4 d5 2. Nf3 Nf6 3. Bf4 e6 4. e3 c5 5. c3 Nc6 6. Nbd2 Bd6 7. Bg3 O-O 8. Bb5 Bxg3 9. hxg3 Qb6 10. Bxc6 bxc6 11.
Qb3 cxd4 12. cxd4 c5 13. dxc5 Qxc5 14. O-O a5 15. Rfc1 Qe7 16. Qc3 Bd7 17. b3 Rfc8 18.
Qb2 Qb4 19. a3 Qb6 20. b4 axb4 21. axb4 Rxc1+ 22. Rxc1 Rb8 23. Rb1 h6 24. Ne5 Be8 25.
Qc3 Ba4 26. Ndf3 Ne4 27. Qd4 Qb5 28. Nd2 Nd6 29. Nef3 Bc2 30. Rb2 Be4 31. Nxe4 Nxe4 32. Nd2 Nxd2 33. Qxd2 Qc4 34. Qe1 g6 35. Qb1 Rb5 36.
Qe1 h5 37. Qd2 Rb8 38. Qe1 Rb7 39. Qb1 Rb5 40. Qe1 Rb8 41. Qb1 Rb5 42. Qe1 Rb8 43. Qb1 Rb5 1/2-1/2

[Event "*** Titled Tuesday Blitz"]
[Site "Chess.com"]
[Date "2020.05.12"]
[Round "5"]
[White "leoduarte"]
[Black "davidkalashian"]
[Result "0-1"]
[WhiteElo "2367"]
[BlackElo "2515"]
[TimeControl "180+1"]
[EndTime "10:54:39 PDT"]
[Termination "davidkalashian won on time"]

1. e4 c6 2. d4 g6 3. Nc3 Bg7 4. Nf3 d6 5. h3 Nf6 6. Be2 O-O 7.
O-O Nbd7 8. a4 e5 9. dxe5 dxe5 10. Bc4 Qe7 11. Be3 Nb6 12. Bb3 Be6 13. a5 Nc4 14. Bxc4 Bxc4 15. Re1 Rfd8 16. Qc1 Nd7 17. b3 Be6 18. Rd1 f6 19. Na4 Bf7 20. c4 Nf8 21. Qc2 Ne6 22. Rxd8+ Qxd8 23. b4 Qe7 24. Qc3 f5 25.
exf5 gxf5 26. Nxe5 f4 27. Bc1 Rd8 28. Bb2 Nd4 29.
Re1 Bxe5 30. Qxd4 Rxd4 31. Bxd4 Qxb4 32. Bxe5 Qxe1+ 33. Kh2 Qxe5 0-1

[Event "*** Titled Tuesday Blitz"]
[Site "Chess.com"]
[Date "2020.05.12"]
[Round "5"]
[White "frankshar"]
[Black "PlotnikovPavel"]
[Result "0-1"]
[WhiteElo "2347"]
[BlackElo "2501"]
[TimeControl "180+1"]
[EndTime "10:54:39 PDT"]
[Termination "PlotnikovPavel won by resignation"]

1. d4 e6 2. c4 f5 3. Nc3 Nf6 4. g3 Bb4 5. Bg2 O-O 6. Nf3 Qe7 7. O-O Bxc3 8. bxc3 d6 9. Ba3 Nbd7 10. Qc1 c5 11. dxc5 dxc5 12. Rd1 e5 13. e4 Nxe4 14. Qe3 Ndf6 15. h3 b6 16. Rd3 Bb7 17. Rad1 Rae8 18.
Nd2 Qe6 19. Nxe4 Bxe4 20. Bxe4 Nxe4 21. Rd5 Nf6 22. Rd6 Qxc4 23. Bb2 f4 24. Qd3 Qxd3 25. R1xd3 e4 26. Rd1 e3 27. fxe3 fxg3 28. c4 Rxe3 29. Rf1 Ne4 30. Rxf8+ Kxf8 31. Re6 Kf7 32. Kg2 Kxe6 0-1

[Event "*** Titled Tuesday Blitz"]
[Site "Chess.com"]
[Date "2020.05.12"]
[Round "5"]
[White "Antipov_Mikhail_Al"]
[Black "murtas73"]
[Result "1/2-1/2"]
[WhiteElo "2865"]
[BlackElo "2616"]
[TimeControl "180+1"]
[EndTime "10:54:41 PDT"]
[Termination "Game drawn by agreement"]

1. e4 e6 2. d4 d5 3. Nd2 Be7 4. Ngf3 Nf6 5. e5 Nfd7 6. Bd3 c5 7. c3 Nc6 8. O-O g5 9. Nb1 g4 10. Ne1 cxd4 11. cxd4 Nxd4 12. Qxg4 Nc6 13. Qg7 Rf8 14. Nf3 Nc5 15. Bxh7 Bd7 16. Nc3 Qb6 17. b4 Qxb4 18. Bd2 Qb6 19. Rab1 Qa6 20. Nb5 O-O-O 21. Bg5 Kb8 22. h4 d4 23. Bxe7 Nxe7 24. Nfxd4 Nc8 25.
Rfc1 Bxb5 26. Nxb5 Nd7 27. h5 Ndb6 28. h6 Nd5 29.
Be4 Qxa2 30. h7 Nce7 31. Nd6 b6 32. Nxf7 Qd2 33. Nxd8 Qxf2+ 34. Kh1 Qh4+ 35. Kg1 1/2-1/2

[Event "*** Titled Tuesday Blitz"]
[Site "Chess.com"]
[Date "2020.05.12"]
[Round "5"]
[White "AustrianFalcon"]
[Black "PowerThinking2650"]
[Result "0-1"]
[WhiteElo "2438"]
[BlackElo "2292"]
[TimeControl "180+1"]
[EndTime "10:54:41 PDT"]
[Termination "PowerThinking2650 won by resignation"]

1. Nf3 Nf6 2. g3 g6 3. d3 Bg7 4. Bg2 c5 5. O-O Nc6 6. e4 d6 7. Nc3 O-O 8. Re1 Rb8 9. e5 dxe5 10. Nxe5 Nxe5 11. Rxe5 b6 12. Bf4 Bb7 13. Re1 Bxg2 14. Bxb8 Bb7 15. Be5 Qd7 16. Qe2 Bh6 17. Bxf6 exf6 18.
f3 f5 19. Qf2 Bg7 20. Kg2 Bd4 21. Qf1 g5 22. Rab1 g4 23. h4 Bxf3+ 24. Kh2 f4 25. Ne4 fxg3+ 26. Nxg3 Qd8 27. Nf5 Qf6 28. Nxd4 Qxh4+ 29.
Kg1 Qg3+ 0-1

[Event "*** Titled Tuesday Blitz"]
[Site "Chess.com"]
[Date "2020.05.12"]
[Round "5"]
[White "ManuDavid2910"]
[Black "tsvet2005"]
[Result "1-0"]
[WhiteElo "2708"]
[BlackElo "2483"]
[TimeControl "180+1"]
[EndTime "10:54:42 PDT"]
[Termination "ManuDavid2910 won by resignation"]

1. e4 c5 2. Nf3 d6 3. c3 Nf6 4.
Bc4 Nxe4 5. Qa4+ Nc6 6. Bxf7+ Kxf7 7. Qxe4 e5 8. d4 d5 9. Nxe5+ Nxe5 10. Qxe5 cxd4 11.
Qxd4 Be6 12. O-O Be7 13. Rd1 Bf6 14. Qf4 Re8 15. Nd2 Kg8 16. Nf3 Bf7 17. h3 Re4 18. Qg3 h6 19. Bxh6 Qb6 20. Bg5 Rae8 21. Bxf6 Qxf6 22. Ng5 Re2 23. Qh4 Bg6 24. Rxd5 Rxb2 25. Rad1 Rbe2 26. Rd6 Re1+ 27. Kh2 Qe5+ 28. f4 Qf5 29. Rxe1 Rxe1 30. Qxe1 Qxf4+ 31. Qg3 1-0

[Event "*** Titled Tuesday Blitz"]
[Site "Chess.com"]
[Date "2020.05.12"]
[Round "5"]
[White "CrushingKings"]
[Black "DenisQ"]
[Result "1-0"]
[WhiteElo "2477"]
[BlackElo "2626"]
[TimeControl "180+1"]
[EndTime "10:54:42 PDT"]
[Termination "CrushingKings won by resignation"]

1. e4 c6 2. Nf3 d5 3. Nc3 Bg4 4.
h3 Bh5 5. exd5 cxd5 6. g4 Bg6 7. Bb5+ Nc6 8. Ne5 Rc8 9. d4 e6 10. Qe2 Bb4 11. h4 Ne7 12. h5 Be4 13. f3 O-O 14. Bxc6 Nxc6 15. Nxc6 Rxc6 16. O-O Bxc3 17. bxc3 Rxc3 18. Bd2 Rxc2 19. Rf2 Qb6 20. Qe3 Bxf3 21.
Rxf3 Rxa2 22. Rxa2 Qb1+ 23. Kg2 Qxa2 24. h6 gxh6 25.
Qxh6 Qc2 26. Kg3 Qe4 27. Bg5 Qxd4 28. Bf6 Qg1+ 29. Kh4 Qe1+ 30. Kg5 1-0

[Event "*** Titled Tuesday Blitz"]
[Site "Chess.com"]
[Date "2020.05.12"]
[Round "5"]
[White "SerGo055"]
[Black "northridgehawk"]
[Result "1-0"]
[WhiteElo "2556"]
[BlackElo "2260"]
[TimeControl "180+1"]
[EndTime "10:54:42 PDT"]
[Termination "SerGo055 won on time"]

1. d4 Nf6 2. Nf3 g6 3. c4 Bg7 4.
Nc3 d5 5. e3 O-O 6. Qb3 c5 7.
cxd5 cxd4 8. Nxd4 Nbd7 9. Bc4 Nb6 10. O-O Nxc4 11. Qxc4 Bd7 12. Rd1 Qb6 13. Qb3 Qa6 14. e4 Nxe4 15. Nxe4 Ba4 16. Qd3 Bxd1 17. Qxd1 Qc4 18.
Be3 Qxd5 19. Nc3 Qa5 20. Nb3 Qf5 21. Qf3 Qxf3 22. gxf3 Rfd8 23. Kf1 a6 24. Ke2 b5 25.
Rd1 Rxd1 26. Nxd1 Rd8 27. Nc5 a5 28. Nc3 b4 29. N3a4 Rc8 30. b3 e5 31. Kd3 f5 32.
f4 exf4 33. Bxf4 Rd8+ 34. Kc4 Rd1 35. Kb5 Ra1 36. Kxa5 Rxa2 37. Be3 f4 38. Bxf4 Rxf2 39. Bg3 Rf5 40. Kxb4 Bf8 41. Kc4 h5 42. b4 g5 43.
b5 h4 44. Bc7 Rf2 45. b6 Rf1 46. b7 Rb1 47. Nb3 Ra1 48. Nxa1 1-0

[Event "*** Titled Tuesday Blitz"]
[Site "Chess.com"]
[Date "2020.05.12"]
[Round "5"]
[White "Indianlad"]
[Black "tacticthunder"]
[Result "1-0"]
[WhiteElo "2931"]
[BlackElo "2618"]
[TimeControl "180+1"]
[EndTime "10:54:43 PDT"]
[Termination "Indianlad won by resignation"]

1. Nf3 Nf6 2. c4 e6 3. Nc3 Bb4 4. Qc2 O-O 5. g4 Bxc3 6. dxc3 d5 7. g5 Ne4 8. h4 Nd6 9. h5 e5 10. cxd5 Bf5 11. Qd1 Nd7 12. Nh4 Nb6 13. Nxf5 Nxf5 14. e4 Nd6 15. Bd3 f5 16. gxf6 Qxf6 17. Qe2 c6 18.
dxc6 bxc6 19. Rg1 c5 20. Bg5 Qe6 21. O-O-O Qxa2 22. Bb1 Qe6 23. Qg4 Qxg4 24. Rxg4 Nf7 25. Bf6 Rfe8 26. Rxg7+ Kf8 27. Ba2 c4 28. Rdg1 Nh6 29.
Rxh7 Ng8 30. Bg7+ Kf7 31. Bxe5+ Ke6 32. f4 1-0

[Event "*** Titled Tuesday Blitz"]
[Site "Chess.com"]
[Date "2020.05.12"]
[Round "5"]
[White "cukus"]
[Black "ASVZ"]
[Result "1-0"]
[WhiteElo "2511"]
[BlackElo "2350"]
[TimeControl "180+1"]
[EndTime "10:54:43 PDT"]
[Termination "cukus won by checkmate"]

1. e4 e6 2. d4 d5 3. Nc3 Bb4 4. e5 c5 5. a3 Ba5 6. b4 cxd4 7.
bxa5 dxc3 8. Qg4 Ne7 9. Nf3 Ng6 10. Bd3 Nc6 11. Qg3 Qc7 12. O-O Bd7 13. a6 b6 14. a4 O-O-O 15. Re1 f6 16. a5 bxa5 17. Rb1 Nb4 18. Ba3 Nxd3 19. Bd6 Nxe1 20. Bxc7 Nxf3+ 21. Qxf3 Bc6 22. Bxd8 Rxd8 23. Qxc3 Nxe5 24.
f4 Nc4 25. Qd4 Rd7 26. Qc5 Rc7 27. Qf8+ Kd7 28. Qxg7+ Kd6 29. Qf8+ Kd7 30. Rb8 Nd6 31. Qd8# 1-0

[Event "*** Titled Tuesday Blitz"]
[Site "Chess.com"]
[Date "2020.05.12"]
[Round "5"]
[White "Zakaryan_David"]
[Black "Misticpikachu"]
[Result "1-0"]
[WhiteElo "2504"]
[BlackElo "2352"]
[TimeControl "180+1"]
[EndTime "10:54:43 PDT"]
[Termination "Zakaryan_David won by resignation"]

1. e4 c5 2. Nc3 e6 3. Nf3 d5 4. d4 Nc6 5. Bb5 a6 6. Bxc6+ bxc6 7.
O-O Nf6 8. Re1 Be7 9. b3 O-O 10.
Bb2 cxd4 11. Nxd4 Bb7 12. e5 Nd7 13. Qh5 c5 14. Nf3 Qc7 15. Rad1 Rad8 16. h4 Nb6 17. Ne2 d4 18. Ng5 h6 19. Nh3 Nd5 20. Nef4 Qc6 21. Rd3 Nxf4 22. Nxf4 Kh8 23. Rg3 Qe8 24. Bc1 f5 25.
Ng6+ Kg8 26. Bxh6 f4 27. Nxe7+ Qxe7 28. Rxg7+ Qxg7 29. Bxg7 Kxg7 30. Qg5+ Kh7 31. Qe7+ Rf7 32. Qxf7+ 1-0

[Event "*** Titled Tuesday Blitz"]
[Site "Chess.com"]
[Date "2020.05.12"]
[Round "5"]
[White "kismet6"]
[Black "czasnaszachy"]
[Result "0-1"]
[WhiteElo "1929"]
[BlackElo "2355"]
[TimeControl "180+1"]
[EndTime "10:54:44 PDT"]
[Termination "czasnaszachy won by resignation"]

1. e4 c5 2. Nf3 e6 3. c3 Nf6 4. Bd3 Nc6 5. Qe2 d5 6. e5 Nd7 7.
Bb5 Qc7 8. O-O a6 9. Bxc6 bxc6 10. d4 cxd4 11. cxd4 Be7 12. Bf4 O-O 13. Nc3 a5 14.
Rac1 Ba6 15. Qd2 Bxf1 16. Kxf1 c5 17. Nxd5 exd5 18. e6 Bd6 19. Bxd6 Qxd6 20. exd7 c4 21. Rc3 Qxd7 22. Ne5 Qf5 23. Nc6 Rfe8 24. Re3 Qb1+ 25. Ke2 Rxe3+ 26. fxe3 Qg1 27. Kf3 Qxh2 28. Ne7+ Kh8 29.
Nxd5 Qh5+ 30. Ke4 Re8+ 0-1

[Event "*** Titled Tuesday Blitz"]
[Site "Chess.com"]
[Date "2020.05.12"]
[Round "5"]
[White "Kingsman132"]
[Black "Colombiano07"]
[Result "0-1"]
[WhiteElo "2336"]
[BlackElo "2202"]
[TimeControl "180+1"]
[EndTime "10:54:44 PDT"]
[Termination "Colombiano07 won by checkmate"]

1. e4 c5 2. Nf3 Nc6 3. Bc4 e6 4. Nc3 Nf6 5. d3 d5 6. exd5 Nxd5 7. Bb5 Bd7 8. Nxd5 exd5 9. O-O Be7 10. Bxc6 Bxc6 11. d4 c4 12. c3 O-O 13. Bf4 Bd7 14. Qc2 Bg4 15. Ne5 Bh5 16. Rfe1 Bd6 17. Qf5 Bg6 18.
Nxg6 hxg6 19. Qg4 Bxf4 20. Qxf4 Qf6 21. Qxf6 gxf6 22. Re7 b5 23. Rae1 a5 24. f4 b4 25.
Rd7 a4 26. a3 bxa3 27. bxa3 Rfd8 28. Rb7 Rab8 29. Ree7 Rxb7 30. Rxb7 Kg7 31. Kf2 g5 32. f5 Rd6 33. Ra7 Rb6 34. Rxa4 Rb2+ 35. Ke3 Rc2 36. Ra5 Rxc3+ 37. Ke2 Rc2+ 38. Kf3 Ra2 39. a4 c3 40.
Rxd5 Rxa4 41. Rc5 Rxd4 42. Rxc3 Rf4+ 43. Kg3 Rxf5 44. h4 Rf4 45. hxg5 fxg5 46. Rc5 Kg6 47. Ra5 Rb4 48. Ra6+ f6 49. Ra5 Rb3+ 50. Kh2 f5 51. Ra6+ Kh5 52. Ra5 Kg4 53. Ra4+ f4 54. Ra2 Kf5 55. Ra5+ Kg4 56. Ra2 Rb5 57. Rc2 Kf5 58. Kg1 g4 59. Kf2 Rb4 60. Ra2 Ke4 61. Re2+ Kd3 62.
Ra2 Rc4 63. Kg1 Rc1+ 64. Kf2 Rc2+ 65. Rxc2 Kxc2 66. Ke2 Kc3 67. Kf2 Kd2 68. Kf1 g3 69. Kg1 Ke2 70. Kh1 f3 71. Kg1 f2+ 72. Kh1 f1=Q# 0-1

[Event "*** Titled Tuesday Blitz"]
[Site "Chess.com"]
[Date "2020.05.12"]
[Round "5"]
[White "nicolochessit"]
[Black "ThePatrick27"]
[Result "0-1"]
[WhiteElo "2377"]
[BlackElo "2533"]
[TimeControl "180+1"]
[EndTime "10:54:46 PDT"]
[Termination "ThePatrick27 won by resignation"]

1. d4 Nf6 2. Nf3 e6 3. Bg5 d5 4. Nbd2 Be7 5. Bxf6 Bxf6 6. e4 dxe4 7. Nxe4 Be7 8. Bd3 O-O 9. Qe2 Nd7 10. h4 c5 11.
O-O-O Qa5 12. Kb1 cxd4 13. Nxd4 Ne5 14. Ng5 Nxd3 15. Qxd3 g6 16. f4 e5 17. Nb3 Qc7 18.
g3 Bf5 19. Qe2 Rac8 20. Rh2 exf4 21. gxf4 Qxf4 22. Rf2 Rxc2 23. Rxf4 Rxe2+ 24. Ka1 Bf6 25. Nd4 Rd8 26. a3 Rxd4 27. Rfxd4 Bxd4 28. Rxd4 h6 29. Nf3 Be6 30. b4 Ra2+ 31. Kb1 Rxa3 32. Nd2 Kg7 33.
Kb2 Rh3 0-1

[Event "*** Titled Tuesday Blitz"]
[Site "Chess.com"]
[Date "2020.05.12"]
[Round "5"]
[White "Hanging_pointer"]
[Black "Matalon"]
[Result "1-0"]
[WhiteElo "2592"]
[BlackElo "2352"]
[TimeControl "180+1"]
[EndTime "10:54:47 PDT"]
[Termination "Hanging_pointer won by resignation"]

1. d4 Nf6 2. Bf4 g6 3. e3 Bg7 4. Nf3 d6 5. c3 O-O 6. h3 Ne4 7. Nbd2 Nxd2 8. Qxd2 Nd7 9. Be2 e5 10. dxe5 dxe5 11. Bh2 Qe7 12. O-O e4 13. Nd4 Ne5 14.
Rad1 c5 15. Nb5 a6 16. Qd6 Qxd6 17. Nxd6 b6 18. Nxe4 Be6 19. b3 c4 20. b4 a5 21. a3 axb4 22. axb4 Ra3 23. f4 Nd3 24. Bf3 Bxc3 25. Nxc3 Rxc3 26. e4 f5 27. exf5 gxf5 28.
Bg3 Rc2 29. Bf2 Nxf2 30. Rxf2 Rxf2 31. Kxf2 b5 32. Rd6 Kf7 33. Bd5 Rh8 34. Rxe6 1-0

[Event "*** Titled Tuesday Blitz"]
[Site "Chess.com"]
[Date "2020.05.12"]
[Round "5"]
[White "Lion-Al-Messi"]
[Black "BelaKis"]
[Result "1-0"]
[WhiteElo "2454"]
[BlackElo "2106"]
[TimeControl "180+1"]
[EndTime "10:54:47 PDT"]
[Termination "Lion-Al-Messi won by resignation"]

1. e4 g6 2. d4 Bg7 3. Nf3 c5 4. d5 d6 5. c4 Nf6 6. Nc3 b5 7. cxb5 a6 8. bxa6 O-O 9. Be2 Nbd7 10. O-O Qa5 11. Bd2 Bxa6 12. Bxa6 Qxa6 13. Re1 Ng4 14.
Qe2 Rfb8 15. Qxa6 Rxa6 16. Reb1 Nge5 17. Nxe5 Nxe5 18. Nd1 Ra4 19. f3 f5 20. exf5 gxf5 21. Bc3 f4 22. Nf2 Kf7 23. Ne4 h6 24. b3 Ra6 25. Rd1 Rba8 26. Rd2 Ra3 27. Kf1 Nd7 28. Bxg7 Kxg7 29. Re2 Nb6 30. Nc3 Kf7 31. Rae1 R8a7 32. Nb5 R3a5 33. Nxa7 Rxa7 34. Rd2 Ra5 35. Re4 Ke8 36. Rxf4 Kd7 37. g4 Ra8 38. h4 Rg8 39. a4 Kc7 40. a5 Nd7 41. a6 Ne5 42. a7 Ra8 43. Ra2 Kb7 44. g5 hxg5 45. hxg5 Rxa7 46. Rxa7+ Kxa7 47. Re4 1-0

[Event "*** Titled Tuesday Blitz"]
[Site "Chess.com"]
[Date "2020.05.12"]
[Round "5"]
[White "BabyFacedAssasin"]
[Black "GM-2023"]
[Result "1-0"]
[WhiteElo "2261"]
[BlackElo "2076"]
[TimeControl "180+1"]
[EndTime "10:54:48 PDT"]
[Termination "BabyFacedAssasin won on time"]

1. e4 e5 2. Nf3 Nc6 3. Bc4 Nf6 4. d4 exd4 5. e5 d5 6. Bb5 Ne4 7. Nxd4 Bc5 8. Be3 O-O 9. Nxc6 bxc6 10. Bxc5 Nxc5 11.
Bxc6 Ba6 12. Nc3 Rb8 13. Qxd5 Qe7 14. O-O-O Rb6 15. Ne4 Nxe4 16. Qxe4 Rfb8 17. b3 Qa3+ 18. Kb1 Rxb3+ 19. cxb3 Rxb3+ 20. axb3 Qxb3+ 21. Kc1 Qc3+ 22. Qc2 Qa1+ 23. Kd2 Qd4+ 24. Ke1 Qxe5+ 25. Be4 f5 26. Qa2+ Kf8 27. Qxa6 1-0

[Event "*** Titled Tuesday Blitz"]
[Site "Chess.com"]
[Date "2020.05.12"]
[Round "5"]
[White "LikeWater"]
[Black "Fandorine"]
[Result "0-1"]
[WhiteElo "2694"]
[BlackElo "2867"]
[TimeControl "180+1"]
[EndTime "10:54:49 PDT"]
[Termination "Fandorine won on time"]

1. e4 e5 2. Nf3 Nc6 3. d4 exd4 4. Bc4 Nf6 5. O-O d6 6. Nxd4 Be7 7. Nc3 O-O 8. a3 Re8 9. Re1 Bf8 10. h3 Ne5 11. Ba2 c6 12. Bf4 Bd7 13. Nf3 h6 14. Qe2 Ng6 15. Qd2 Nxf4 16. Qxf4 Be6 17. Bxe6 fxe6 18. e5 Nd5 19. Nxd5 dxe5 20. Nxe5 exd5 21. Qf7+ Kh7 22.
Qf5+ Kg8 23. Qf7+ Kh7 24. Qxb7 Qf6 25. Qxc6 Bd6 26. f4 Bxe5 27. Qxd5 Qxf4 0-1

[Event "*** Titled Tuesday Blitz"]
[Site "Chess.com"]
[Date "2020.05.12"]
[Round "5"]
[White "Mouse-Sleep"]
[Black "GuerrieroFromLevant"]
[Result "0-1"]
[WhiteElo "2503"]
[BlackElo "2392"]
[TimeControl "180+1"]
[EndTime "10:54:49 PDT"]
[Termination "GuerrieroFromLevant won by resignation"]

1. Nf3 d5 2. d4 Nf6 3. c4 e6 4. Nc3 c5 5. cxd5 exd5 6. g3 Nc6 7. Bg2 cxd4 8. Nxd4 Bc5 9. Nb3 Bb6 10. Nxd5 Be6 11. Nxb6 Qxd1+ 12. Kxd1 axb6 13. Bxc6+ bxc6 14. Nd4 Bd5 15. f3 c5 16. Nb5 O-O 17. Nc7 Rxa2 18. Rxa2 Bxa2 19. Bg5 Rc8 20. Bxf6 gxf6 21. Nb5 Rd8+ 22. Kc2 Bc4 23. Nc3 f5 24. Re1 Kg7 25. Na4 Rd6 26. Nc3 Re6 27. Kd2 b5 28. Nd1 Rd6+ 29. Kc3 Be6 30. Nf2 b4+ 31. Kc2 c4 32. Nh3 c3 33. bxc3 b3+ 34. Kb1 Rd2 35. Nf4 Bc4 36. Kc1 Ra2 37. Nd3 Rc2+ 38. Kb1 Rxe2 39. Rxe2 Bxd3+ 40. Kb2 Bxe2 41. Kxb3 Bxf3 42. c4 Kf6 43. Kc3 Ke5 44. Kd2 f4 45. Ke1 fxg3 46. hxg3 Kf5 47. Kf2 Kg4 48. c5 f5 49. Ke3 Bc6 0-1

[Event "*** Titled Tuesday Blitz"]
[Site "Chess.com"]
[Date "2020.05.12"]
[Round "5"]
[White "LazovT"]
[Black "RestartingChess"]
[Result "1-0"]
[WhiteElo "2687"]
[BlackElo "2523"]
[TimeControl "180+1"]
[EndTime "10:54:51 PDT"]
[Termination "LazovT won by resignation"]

1. e4 d5 2. exd5 Qxd5 3. Nc3 Qd6 4. d4 Nf6 5. Nf3 Nc6 6. h3 a6 7. Bc4 Bf5 8. O-O e6 9. Be3 Be7 10. Qe2 O-O 11. Rad1 Rad8 12. Rfe1 Qb4 13. Bb3 Nd5 14. Nxd5 exd5 15. Bf4 Bd6 16. c3 Qa5 17. Bxd6 Rxd6 18. Ne5 Nxe5 19. Qxe5 Bg6 20. Re3 h6 21. Rde1 Rfd8 22.
h4 Re6 23. Qg3 Rxe3 24. Rxe3 Qb6 25. Re7 c6 26. Qc7 Qxc7 27. Rxc7 Rb8 28. Bd1 Bf5 29.
g4 Be6 30. f4 g6 31. Kf2 Kf8 32. h5 gxh5 33. f5 Bc8 34. Kg3 hxg4 35. Bxg4 Ke8 36. Kf4 Bd7 37. f6 Bxg4 38. Kxg4 Kf8 39. Kh5 Kg8 40.
Kxh6 a5 41. Kg5 a4 42. Kf5 b5 43. Rxc6 b4 44. Rc5 bxc3 45. bxc3 Rb2 46. Rxd5 Rxa2 47. Rd8+ Kh7 48. Ra8 Rf2+ 49. Ke5 Kg6 50. Rxa4 Rxf6 51. d5 Rf5+ 52. Kd6 Rf1 53. c4 f5 54. c5 f4 55.
c6 f3 56. c7 Rc1 57. Rf4 1-0

[Event "*** Titled Tuesday Blitz"]
[Site "Chess.com"]
[Date "2020.05.12"]
[Round "5"]
[White "PawnEatingZombie"]
[Black "larisakalinina"]
[Result "1-0"]
[WhiteElo "2172"]
[BlackElo "1999"]
[TimeControl "180+1"]
[EndTime "10:54:51 PDT"]
[Termination "PawnEatingZombie won by resignation"]

1. d4 d5 2. c4 e6 3. Nc3 Nf6 4. cxd5 exd5 5. Bg5 Be7 6. e3 h6 7. Bh4 Ne4 8. Bxe7 Kxe7 9. Nf3 Re8 10. Bd3 f5 11.
O-O Kf8 12. Ne5 Nc6 13. Ng6+ Kg8 14. Nf4 Ne7 15. f3 Nxc3 16. bxc3 g5 17. Nh5 Ng6 18.
e4 dxe4 19. fxe4 f4 20. e5 Nh4 21. Nf6+ Kg7 22. Nxe8+ Qxe8 23. g3 Nf5 24. gxf4 Ne3 25. Qf3 Nxf1 26. Rxf1 g4 27. Qe4 Qf7 28. f5 Qh5 29. f6+ Kf8 30. Qh7 Qf7 31. Qxh6+ Ke8 32. Bg6 1-0

[Event "*** Titled Tuesday Blitz"]
[Site "Chess.com"]
[Date "2020.05.12"]
[Round "5"]
[White "emiliocordova"]
[Black "2L8IWUN"]
[Result "0-1"]
[WhiteElo "2833"]
[BlackElo "2456"]
[TimeControl "180+1"]
[EndTime "10:54:52 PDT"]
[Termination "2L8IWUN won by resignation"]

1. d4 Nf6 2. Nf3 e6 3. c4 d5 4.
g3 dxc4 5. Bg2 a6 6. O-O Nc6 7. a4 Rb8 8. Bg5 Be7 9. Nc3 h6 10. Bxf6 Bxf6 11. e3 O-O 12. Nd2 Na5 13. Qe2 e5 14. dxe5 Bxe5 15. Nxc4 Nxc4 16. Qxc4 c6 17. Rfd1 Qe7 18. a5 Be6 19. Qe4 Bf6 20. Na4 Rfd8 21. Rxd8+ Rxd8 22. Rc1 Qd6 23. Bf3 Bd5 24. Qg4 Bxf3 25.
Qxf3 Qb4 26. Nc5 Bxb2 27. Rc2 Bf6 28. Kg2 Be7 29. Ne4 Qxa5 30. g4 Qd5 31. Rd2 Qe5 32.
Rxd8+ Bxd8 33. Ng3 a5 34. Qe2 a4 35. f3 a3 36. Qd3 Qb2+ 37. Kh3 a2 38. Qxd8+ Kh7 39. Qd3+ g6 0-1

[Event "*** Titled Tuesday Blitz"]
[Site "Chess.com"]
[Date "2020.05.12"]
[Round "5"]
[White "Nikithebest"]
[Black "AniJak"]
[Result "1-0"]
[WhiteElo "2397"]
[BlackElo "2224"]
[TimeControl "180+1"]
[EndTime "10:54:52 PDT"]
[Termination "Nikithebest won by resignation"]

1. e4 c6 2. d4 d5 3. f3 dxe4 4. fxe4 e5 5. Nf3 exd4 6. Bc4 Nd7 7. O-O Ngf6 8. Ng5 Ne5 9. Nxf7 Nxf7 10. Bxf7+ Kxf7 11. e5 Be7 12. Bg5 d3 13. exf6 Bxf6 14. Bxf6 gxf6 15. cxd3 Qd4+ 16. Kh1 Bg4 17. Qb3+ Kg6 18.
Nc3 Qxd3 19. h3 Bh5 20. Ne4 Qxe4 21. Qg3+ Kh6 22. Rxf6+ Bg6 23. Rf4 Qe7 24. Re1 Qd7 25.
Qh4+ Kg7 26. Re7+ Qxe7 27. Qxe7+ Kg8 28. Qxb7 Re8 29. Qxa7 Re1+ 30. Kh2 Re8 31. Qd7 Re2 32. a4 Rxb2 33. Qd8+ Kg7 34. Qd4+ 1-0